 Dungeon Crawl Stone Soup version 0.21.1-1-g345015fe64 (webtiles) character file.

2440 Gargoyl the Chopper (level 9, 0/75 HPs)
             Began as a Centaur Abyssal Knight on June 30, 2018.
             Was an Elder of Lugonu.
             Slain by a killer bee (3 damage)
             ... on level 7 of the Dungeon.
             The game lasted 00:13:49 (10282 turns).

Gargoyl the Chopper (Centaur Abyssal Knight)       Turns: 10282, Time: 00:13:50

Health: 0/75       AC: 11    Str: 15 (16) XL:     9   Next: 25%
Magic:  13/13      EV:  2    Int:  9 (11) God:    Lugonu [****..]
Gold:   379        SH:  3    Dex:  8 (11) Spells: 8/8 levels left

rFire    + . .     SeeInvis .   u - +1 war axe
rCold    + . .     Gourm    .   n - +0 buckler
rNeg     . . .     Faith    .   x - +0 plate armour
rPois    +         Spirit   .   g - +0 helmet
rElec    +         Reflect  .   (no cloak)
rCorr    +         Harm     .   (no gloves)
MR       +....                  (no barding)
Stlth    ..........             (no amulet)
HPRegen  0.22/turn              d - ring of protection from magic
MPRegen  0.13/turn              e - ring of poison resistance

@: lethally poisoned (0 -> 0), resistant, very quick
A: large, hooves 3, deformed body, speed 2, tough skin 3
a: Depart the Abyss, Bend Space, Banish, Corrupt, Renounce Religion


You were on level 7 of the Dungeon.
You worshipped Lugonu.
Lugonu was greatly pleased with you.
You were not hungry.

You visited 1 branch of the dungeon, and saw 7 of its levels.
You visited the Abyss 1 time.
You also visited: Ossuary.

You collected 379 gold pieces.

Inventory:

Hand Weapons
 a - a +1 hand axe
 u - a +1 war axe (weapon)
Missiles
 t - 7 javelins (quivered)
Armour
 g - a +0 helmet (worn)
 n - a +0 buckler (worn)
 x - a +0 plate armour (worn)
Jewellery
 b - an uncursed ring of positive energy
 d - a ring of protection from magic (left hand)
 e - a ring of poison resistance (right hand)
Wands
 m - a wand of paralysis (14)
 w - a wand of random effects (22)
 y - a wand of clouds (3)
Scrolls
 f - 2 scrolls of teleportation
 j - a scroll of magic mapping
 k - 2 scrolls of amnesia
 o - 4 scrolls of remove curse
 r - 3 scrolls of identify
 A - 3 scrolls of noise {unknown}
 F - a scroll of fog {unknown}
Potions
 h - a potion of agility
 l - 5 potions of degeneration
 p - 3 potions of flight
 s - a potion of brilliance
 v - 2 potions of invisibility {unknown}
 B - 2 potions of mutation {unknown}
 C - a potion of haste {unknown}
 D - a potion of lignification
Comestibles
 c - 4 rations


   Skills:
 + Level 5.7 Fighting
 + Level 6.6 Axes
 + Level 0.2 Throwing
 * Level 4.7 Armour
 + Level 2.5 Dodging
 + Level 1.5 Shields
 * Level 6.0 Invocations


You had 8 spell levels left.
You didn't know any spells.

Dungeon Overview and Level Annotations

Branches:
Dungeon (7/15)             Temple (0/1) D:4

Altars:
Fedhas


Innate Abilities, Weirdness & Mutations

You have hooves in place of feet.
Armour fits poorly on your strangely shaped body.
You cover ground very quickly.
You have extremely tough skin. (AC +3)


Message History

You cannot move.
You cannot move.
You cannot move.
You cannot move.
Unknown command.
You start resting.
You feel sick.
You feel less wooden.
Your +0 helmet unmelds from your body.
Your +0 plate armour unmelds from your body.
You feel sick.
You start resting.
You feel sick.
A killer bee is nearby!
Press: ? - help, Shift-Dir - straight line, f - killer bee
Aim: a killer bee (hasn't noticed you, chance to defeat MR: 89%)
You fail to use your ability.
The killer bee buzzes angrily.
The killer bee stings you.
You die...

#.## **,,,,,,, # #..#
**,<,,,,,, ## ##.#
*,,,,,,,,, .# #.# *##**
*,.,,,,,,, .## #.##
*..y####* **#..,,,,,,,
..# #..#
*..y....***#...#**,,,,,
..## #..#
*..y<...##...#** ***,,,
...###..##****####..#***
****
...#....)######.@y### *
......###..##...###
....### ##...#### ....#
##.## ...## #.# ..##
##.# .## #..# #### ##
#.####..## # #.###....#


You could see a killer bee.

Vanquished Creatures
  Menkaure (D:5)
  An ice beast (D:5)
  An orc warrior (D:6)
  A phantom (D:4)
  An ogre (D:6)
  3 centaurs
  2 big kobolds (D:7)
  6 bullfrogs
  A wyvern zombie (D:7)
  2 killer bees (D:7)
  2 howler monkeys
  A crimson imp (D:5)
  2 centaur zombies (Ossuary)
  3 hounds
  An orc priest (D:7)
  A bullfrog skeleton (D:6)
  5 orc wizards
  An iguana (D:7)
  4 worker ants
  A big kobold zombie (Ossuary)
  A hound skeleton (D:4)
  4 mummies (Ossuary)
  12 adders
  2 shadow imps
  An ooze (D:2)
  An adder zombie (D:5)
  An adder skeleton (D:4)
  3 worms
  2 dart slugs (D:1)
  5 leopard geckos
  29 orcs
  3 ball pythons
  2 giant cockroaches
  9 goblins
  4 hobgoblins
  7 jackals
  17 kobolds
  4 quokkas
  8 bats
  6 frilled lizards
  A giant cockroach zombie (D:5)
  A gnoll zombie (Ossuary)
  2 goblin zombies (Ossuary)
  A hobgoblin zombie (Ossuary)
  A leopard gecko zombie (D:5)
  An orc zombie (Ossuary)
  A quokka skeleton (D:4)
  7 rats
176 creatures vanquished.

Vanquished Creatures (others)
  2 orc warriors
2 creatures vanquished.

Grand Total: 178 creatures vanquished

Notes
Turn   | Place    | Note
-------+----------+-------------------------------------------
     0 | Abyss:1  | Gargoyl the Centaur Abyssal Knight began the quest for the Orb.
     0 | Abyss:1  | Reached XP level 1. HP: 19/19 MP: 2/2
    47 | Abyss:1  | Noticed a tentacled monstrosity
    70 | Abyss:1  | Noticed a large abomination
    75 | Abyss:2  | Noticed a large abomination
    80 | D:1      | Escaped the Abyss
   342 | D:1      | Reached XP level 2. HP: 26/26 MP: 3/3
   387 | D:1      | Reached * piety under Lugonu
  1248 | D:2      | Reached XP level 3. HP: 26/31 MP: 4/4
  1779 | D:2      | Noticed a bullfrog
  1792 | D:2      | Killed a bullfrog
  1792 | D:2      | Reached skill level 1 in Dodging
  1792 | D:2      | Reached XP level 4. HP: 5/40 MP: 6/6
  2274 | D:2      | Reached XP level 5. HP: 40/46 MP: 7/7
  2444 | D:2      | Reached ** piety under Lugonu
  2566 | D:2      | Found a blossoming altar of Fedhas.
  3527 | D:3      | Reached XP level 6. HP: 35/52 MP: 8/8
  4500 | D:4      | Found a staircase to the Ecumenical Temple.
  4542 | D:4      | Reached *** piety under Lugonu
  5069 | D:5      | Entered Level 5 of the Dungeon
  5216 | D:5      | Reached XP level 7. HP: 59/59 MP: 10/10
  5757 | D:5      | HP: 1/60 [centaur (6)]
  5762 | D:5      | Reached skill level 1 in Shields
  6156 | D:5      | Noticed Menkaure
  6175 | D:5      | HP: 1/60 [Menkaure (15)]
  6177 | D:5      | Killed Menkaure
  6177 | D:5      | Reached XP level 8. HP: 2/67 MP: 11/11
  6663 | D:5      | Reached skill level 5 in Invocations
  7008 | D:6      | Reached skill level 5 in Axes
  7396 | D:6      | Reached skill level 5 in Fighting
  7861 | D:6      | Reached **** piety under Lugonu
  8877 | D:7      | Reached XP level 9. HP: 18/74 MP: 13/13
  8953 | D:7      | Found a sand-covered staircase.
  8957 | Ossuary  | Entered an ossuary
 10269 | D:7      | HP: 5/112 [poisoned by a killer bee]
 10276 | D:7      | HP: 3/75 [poisoned by a killer bee]
 10282 | D:7      | Slain by a killer bee

Skill      XL: |  1  2  3  4  5  6  7  8  9 |
---------------+----------------------------+-----
Axes           | 2 3 4 6 |  6.6
Armour         | 2 3 4 |  4.7
Dodging        | 1 2 |  2.5
Invocations    | 3 4 5 6 |  6.0
Fighting       | 4 5 |  5.7
Shields        | 1 |  1.5
Throwing       | |  0.2

Action                   |  1- 3 |  4- 6 |  7- 9 || total
-------------------------+-------+-------+-------++-------
Melee: Hand axe          |    90 |   192 |   204 ||   486
       Kick              |    15 |    48 |    73 ||   136
       War axe           |       |       |   145 ||   145
Throw: Tomahawk          |       |       |     2 ||     2
Invok: Depart the Abyss  |     1 |       |       ||     1
       Banish            |       |       |     2 ||     2
  Use: Scroll            |     7 |     2 |     5 ||    14
       Potion            |       |     1 |    16 ||    17
  Eat: Chunk             |     2 |     8 |     4 ||    14
       Ration            |       |       |     4 ||     4
Armor: Leather armour    |    39 |    72 |    34 ||   145
       Plate armour      |       |       |   114 ||   114
       Skin              |       |       |    55 ||    55
Dodge: Dodged            |    49 |    83 |    89 ||   221
Block: Buckler           |     3 |    24 |    53 ||    80
